 Dungeon Crawl Stone Soup version 0.30-a0-166-g5d06c95188 (webtiles) character file.

Game seed: 7909720816592232410

77198 qw the Severer (level 15, -2/98 HPs)
             Began as a Gargoyle Fighter on Sept 28, 2022.
             Was a High Priest of Okawaru.
             Slain by an orc warrior
             ... wielding a +0 war axe
              (3 damage)
             ... on level 2 of the Orcish Mines.
             The game lasted 00:10:01 (24144 turns).

qw the Severer (Gargoyle Fighter)                  Turns: 24144, Time: 00:10:01

Health: -2/98      AC: 51    Str: 30    XL:     15   Next: 56%
Magic:  22/22      EV: 16    Int: 10    God:    Okawaru [*****.]
Gold:   140        SH: 12    Dex: 13    Spells: 14/14 levels left

rFire   + . .      SeeInvis +    Y - +1 broad axe (protect)
rCold   + . .      Faith    .    c - +0 buckler
rNeg    + + +      Spirit   .    u - +0 plate armour
rPois   inf        Reflect  +    l - +1 helmet
rElec   +          Harm     .    v - +2 cloak
rCorr   .          Rampage  .    o - +5 pair of gloves "Ytomiyp" {Contam rElec rF++ Str+4}
Will    +....                    n - +0 pair of boots "Earthly Heaven" {rF- rC+ rN++ Dex+4}
Stlth   ..........               a - amulet of reflection
HPRegen 0.26/turn                i - +4 ring of evasion
MPRegen 0.18/turn                k - ring of see invisible

@: heroic, under a protective aura, flying
A: sickness immunity, AC +11, big wings, negative energy resistance 1,
electricity resistance, torment resistance 1, petrification resistance
a: Renounce Religion, Heroism, Finesse, Duel


You were on level 2 of the Orcish Mines.
You worshipped Okawaru.
Okawaru was extremely pleased with you.
You visited 4 branches of the dungeon, and saw 23 of its levels.

You collected 1628 gold pieces.
You spent 1488 gold pieces at shops.


Innate Abilities, Weirdness & Mutations

You are immune to sickness and miasma.
Your stone body is resilient. (AC +11)
You are immune to poison.
Your large and strong wings let you fly.
You resist negative energy. (rN+)
You are resistant to electric shocks. (rElec)
You are resistant to unholy torment.
You are immune to petrification.


   Skills:
 - Level 13.0(18.0) Fighting
 - Level 17.0(22.0) Axes
 - Level 2.1(7.1) Throwing
 + Level 12.5(17.5) Armour
 - Level 4.1(9.1) Dodging
 - Level 8.0(13.0) Shields
 - Level 10.0 Invocations


You had 14 spell levels left.
You didn't know any spells.
Your spell library was empty.

Inventory:

Hand Weapons
 A - a +0 morningstar
 Y - a +1 broad axe of protection (weapon)
Missiles
 t - 8 boomerangs (quivered)
Armour
 c - a +0 buckler (worn)
 h - +0 acid dragon scales
 l - a +1 helmet (worn)
 n - the +0 pair of boots "Earthly Heaven" (worn) {rF- rC+ rN++ Dex+4}
   (You found it on level 11 of the Dungeon)

   Dex:       It affects your dexterity (+4).
   rF:        It makes you vulnerable to fire.
   rC:        It protects you from cold.
   rN:        It greatly protects you from negative energy.
 o - the +5 pair of gloves "Ytomiyp" (worn) {Contam rElec rF++ Str+4}
   (You acquired it on level 9 of the Dungeon)

   Str:       It affects your strength (+4).
   rF:        It greatly protects you from fire.
   rElec:     It insulates you from electricity.
   Contam:    It causes magical contamination when unequipped.
 u - a +0 plate armour (worn)
 v - a +2 cloak (worn)
 y - a +1 pair of boots
 B - a +4 scale mail of cold resistance
Jewellery
 a - an amulet of reflection (around neck)
 i - a +4 ring of evasion (left hand)
 k - a ring of see invisible (right hand)
 p - a +4 ring of evasion
 z - a ring of ice
 C - a ring of ice
 D - a ring of resist corrosion
Wands
 s - a wand of digging (8)
Scrolls
 e - 10 scrolls of identify
Potions
 d - 2 potions of might
 f - 3 potions of mutation
 g - a potion of lignification
 j - 3 potions of cancellation
 m - 4 potions of haste
 q - 3 potions of attraction
 r - 4 potions of resistance
 w - a potion of magic
 x - 4 potions of curing

Dungeon Overview and Level Annotations

Branches:
Dungeon (15/15)            Temple (1/1) D:5            Lair (5/5) D:10
 Shoals (0/4) Lair:2        Snake (0/4) Lair:3        Slime (0/5) Lair:5
    Orc (2/2) D:11         Vaults (0/5) D:14         Depths (0/4) D:15
    Elf: Orc:2

Altars:
Ashenzari
Cheibriados
Dithmenos
Elyvilon
Fedhas
Gozag
Hepliaklqana
Kikubaaqudgha
Makhleb
Nemelex Xobeh
Okawaru
Qazlal
Ru
Sif Muna
Trog
Uskayaw
Vehumet
Wu Jian
Xom
Yredelemnul
Zin
The Shining One
Jiyva

Shops:
D:12 [   Orc:1 =!

Annotations:
D:4 2 transporters
D:5 3 runed translucent doors, qw's ghost, novice GrFi
D:8 2 runed translucent doors, qw's ghost, novice GrFi
D:10 4 transporters
D:13 2 transporters, Iplucs's ghost, journeyman FeBe
Lair:4 2 transporters, qw's ghost, journeyman GrFi


Message History

The orc warrior is lightly wounded.
You slash the orc!
You kill the orc!
The orc warrior closely misses you. You block the orc warrior's attack.
The orc knight misses you. The orc barely misses you.
You hit the orc warrior.
The orc warrior is lightly wounded.
You closely miss the orc warrior. You slice the orc!!
You kill the orc!
The orc knight no longer looks unusually strong.
You hit the orc warrior but do no damage.
The orc warrior is lightly wounded.
You slice the orc warrior!!
The orc warrior no longer looks unusually strong. x2
You block the orc warrior's attack. The orc warrior closely misses you.
The orc warrior hits you but does no damage.
The orc knight hits you from afar with a +0 bardiche!
The orc closely misses you.
An orc comes into view. It is wielding a +0 vorpal mace.
You block the orc warrior's attack.
You closely miss the orc warrior.
The orc warrior is severely wounded.
You hit the orc warrior but do no damage.
You closely miss the orc.
The orc warrior hits you but does no damage.
You block the orc's attack. The orc completely misses you.
The orc warrior completely misses you.
The orc knight roars a battlecry!
The orcs go into a battle-frenzy!
You block the orc warrior's attack.
You slice the orc warrior!!
You kill the orc warrior!
Okawaru accepts your kill.
You hit the orc warrior. You hit the orc. You slice the orc warrior!!
The orc warrior is almost dead.
You slash the orc!
You kill the orc!
The orc warrior hits you with a +0 war axe.
You die...

...#.............
................
..............#
###
..............#
..#
..............#
..#
...#..........#
..#
...........#..#


oo# # .....#...#....###)##oo.. ....##..........@oohooo8 ....###.##....###)##oo..
.....#######..# oo# . ....#.## #..# o.# .......# #..# ..# ..#.#.## #..# ###
..##### #... ..# #... .## You could see 2 orc knights, a warg, 8 orc warriors
and 4 orcs.

Vanquished Creatures
  Gastronok (Lair:2)
  A rakshasa (D:15)
  Fannar (Orc:1)
  3 hydras
  Harold (Lair:2)
  2 catoblepae
  Erica (D:10)
  2 boulder beetles
  5 two-headed ogres
  A deep troll shaman (Lair:5)
  3 centaur warriors
  3 death yaks (Lair:5)
  2 orc high priests (Orc:1)
  4 skeletal warriors (D:12)
  A glowing orange brain (D:15)
  2 lindwurms
  2 wizards (D:14)
  3 orc knights
  Pikel (D:4)
  10 ugly things
  3 orc sorcerers (Orc:1)
  3 deep elf pyromancers
  2 cyclopes
  4 manticores
  2 merfolk sirens (Lair:2)
  27 elephants
  Joseph (D:7)
  4 black mambas
  Maggie (Lair:2)
  A guardian serpent (Lair:3)
  2 gargoyles
  6 cane toads
  4 komodo dragons
  2 unseen horrors
  A rime drake (Lair:4)
  An efreet (D:14)
  A meliai (shapeshifter) (D:15)
  8 trolls
  A queen bee (Lair:3)
  2 polar bears (Lair:5)
  21 slime creatures
  2 merfolk (Lair:2)
  6 blink frogs
  A hornet (D:8)
  7 dream sheep (Lair:3)
  3 shadows
  A water elemental (D:11)
  29 yaks
  A vampire (D:14)
  3 wraiths
  8 wyverns
  A fire elemental (Lair:4)
  A basilisk (shapeshifter) (D:14)
  2 basilisks
  3 steam dragons
  7 vampire mosquitoes
  11 wargs
  2 acid dragons
  7 water moccasins
  19 orc warriors
  A sky beast (D:7)
  4 black bears
  4 boggarts (D:14)
  16 wolves
  3 ogres
  3 lemures (D:4)
  9 centaurs
  4 phantoms
  4 kobold brigands
  2 necrophages
  2 gnoll sergeants
  11 bullfrogs
  6 scorpions
  4 wights (D:8)
  3 troll zombies (D:11)
  33 killer bees
  4 howler monkeys
  7 electric eels
  A lava snake (Lair:1)
  A jelly (D:5)
  16 orc priests
  27 orc wizards
  An iguana (D:5)
  3 ogre zombies (D:11)
  16 gnolls
  6 adders
  2 white imps
  2 ufetubi
  A worm (D:3)
  59 orcs
  6 bats
  4 endoplasms
  3 giant cockroaches (D:1)
  10 goblins
  5 hobgoblins
  3 quokkas
  12 ball pythons
  A frilled lizard (D:1)
  3 goblin skeletons (D:11)
  2 goblin zombies (D:11)
  2 hobgoblin zombies (D:11)
  21 kobolds
  An orc skeleton (D:11)
  11 orc zombies (D:11)
  8 rats
607 creatures vanquished.

Vanquished Creatures (others)
  An orc wizard (D:11)
  A kobold (D:8)
  21 fungi
  30 plants
  2 withered plants (D:2)
55 creatures vanquished.

Grand Total: 662 creatures vanquished

Notes
Turn   | Place    | Note
-------+----------+-------------------------------------------
     0 | D:1      | qw the Gargoyle Fighter began the quest for the Orb.
     0 | D:1      | Reached XP level 1. HP: 14/14 MP: 1/1
     0 | D:1      | 0 ||| qw: Version: 0.2-a-12-gaebbb33
     0 | D:1      | 0 ||| qw: Game counter: 992
     0 | D:1      | 0 ||| qw: Always use a shield: true
     0 | D:1      | 0 ||| qw: God list: Okawaru
     0 | D:1      | 0 ||| qw: Allow faded altars: false
     0 | D:1      | 0 ||| qw: Do Orc after D:15 true
     0 | D:1      | 0 ||| qw: Do second Lair branch before Depths: true
     0 | D:1      | 0 ||| qw: Lair rune preference: random
     0 | D:1      | 0 ||| qw: Plans: Normal, Zot:1-4, God:TSO, Crypt, Tomb,
                  | Pan, Slime:5, Hells, Abyss, Orb
     0 | D:1      | 0 ||| PLANNING D:1-11
    30 | D:1      | Reached skill level 2 in Axes
   252 | D:1      | Reached XP level 2. HP: 18/19 MP: 2/2
   647 | D:1      | 647 ||| UPGRADING to +4 ring of evasion.
   648 | D:1      | 648 ||| DROPPING ring of magical power.
   649 | D:1      | 649 ||| READING scroll labelled NEER ZINI HUNU.
   650 | D:1      | 650 ||| READING scroll labelled SESTEXZYDU.
   651 | D:1      | 651 ||| READING scroll labelled NUPTIF ZACIA.
   652 | D:1      | 652 ||| READING scroll labelled BABLIF FOWOGAL.
   653 | D:1      | 653 ||| READING scroll labelled FEPTIPLUUWN.
   654 | D:1      | 654 ||| READING 2 scrolls labelled ELUDOMM IHUKUFO.
   655 | D:1      | 655 ||| DRINKING 2 coppery potions.
   656 | D:1      | 656 ||| DROPPING scroll of poison.
   727 | D:2      | 727 ||| Stepping ~*~*~tactically~*~*~ (stealth).
   730 | D:2      | 730 ||| Stepping ~*~*~tactically~*~*~ (stealth).
   735 | D:2      | 735 ||| FLEEEEING.
   736 | D:2      | 736 ||| FLEEEEING.
   737 | D:2      | 737 ||| FLEEEEING.
   738 | D:2      | 738 ||| FLEEEEING.
   739 | D:2      | 739 ||| FLEEEEING.
   740 | D:2      | 740 ||| FLEEEEING.
   743 | D:2      | 743 ||| FLEEEEING.
   744 | D:2      | 744 ||| FLEEEEING.
   745 | D:2      | 745 ||| FLEEEEING.
   750 | D:2      | 750 ||| STAIRDANCE
   872 | D:2      | 872 ||| STAIRDANCE
   989 | D:2      | Reached skill level 3 in Axes
   989 | D:2      | 989 ||| STAIRDANCE
  1090 | D:2      | Reached XP level 3. HP: 23/23 MP: 3/3
  1129 | D:2      | Found a glowing silver altar of Zin.
  1217 | D:2      | 1217 ||| Stepping ~*~*~tactically~*~*~ (stealth).
  1302 | D:2      | Found a faded altar of an unknown god.
  1811 | D:2      | 1811 ||| UPGRADING to +0 chain mail.
  1821 | D:2      | 1821 ||| DROPPING +0 scale mail.
  1822 | D:2      | 1822 ||| READING scroll labelled NIDDIJ NI XOEW.
  1825 | D:2      | 1825 ||| READING 2 scrolls of identify.
  1825 | D:2      | 1825 ||| IDENTIFYING murky emerald potion
  2092 | D:3      | Identified the +9 short sword of True Grit {vorpal, rN+
                  | Stlth+}
  2255 | D:3      | Noticed a centaur
  2260 | D:3      | Killed a centaur
  2261 | D:3      | Reached skill level 4 in Axes
  2261 | D:3      | Reached XP level 4. HP: 17/28 MP: 4/4
  2261 | D:3      | Reached XP level 5. HP: 19/32 MP: 5/5
  2387 | D:3      | 2387 ||| DROPPING +0 club.
  2436 | D:3      | 2436 ||| Stepping ~*~*~tactically~*~*~ (stealth).
  2500 | D:3      | 2500 ||| Stepping ~*~*~tactically~*~*~ (stealth).
  2547 | D:3      | Found a glowing silver altar of Zin.
  2548 | D:3      | Noticed an angel
  2644 | D:3      | 2644 ||| Stepping ~*~*~tactically~*~*~ (hiding).
  2657 | D:3      | Reached skill level 5 in Axes
  2867 | D:3      | 2867 ||| DROPPING +0 whip.
  3123 | D:3      | Found a stormy altar of Qazlal.
  3136 | D:3      | 3136 ||| READING scroll labelled VASUMMO POTA.
  3137 | D:3      | 3137 ||| DRINKING 3 bubbling pink potions.
  3138 | D:3      | 3138 ||| READING scroll of teleportation.
  3426 | D:3      | 3426 ||| DRINKING 2 metallic grey potions.
  3427 | D:3      | 3427 ||| READING 2 scrolls of identify.
  3427 | D:3      | 3427 ||| IDENTIFYING red potion
  3428 | D:3      | 3428 ||| DROPPING potion of flight.
  3580 | D:4      | Found a transporter.
  3630 | D:4      | 3630 ||| Stepping ~*~*~tactically~*~*~ (stealth).
  3632 | D:4      | 3632 ||| Stepping ~*~*~tactically~*~*~ (stealth).
  3640 | D:4      | 3640 ||| Stepping ~*~*~tactically~*~*~ (stealth).
  3641 | D:4      | 3641 ||| Stepping ~*~*~tactically~*~*~ (stealth).
  3648 | D:4      | Reached XP level 6. HP: 28/38 MP: 6/6
  3734 | D:4      | Found a basalt altar of Yredelemnul.
  3929 | D:4      | Noticed Pikel
  3940 | D:4      | HP: 8/38 [lemure[Pikel] (2)]
  3941 | D:4      | 3941 ||| DRINKING 2 potions of heal wounds.
  3952 | D:4      | HP: 4/38 [Pikel/puff of flame (6)]
  3953 | D:4      | 3953 ||| DRINKING potion of heal wounds.
  3954 | D:4      | Killed Pikel
  3955 | D:4      | Reached skill level 7 in Axes
  3955 | D:4      | Reached XP level 7. HP: 32/43 MP: 7/7
  4190 | D:4      | Found a transporter.
  4274 | D:4      | Reached skill level 1 in Dodging
  4337 | D:4      | 4337 ||| UPGRADING to +0 pair of boots.
  4342 | D:4      | 4342 ||| UPGRADING to amulet of reflection.
  4347 | D:4      | 4347 ||| DROPPING amulet of magic regeneration.
  4348 | D:4      | 4348 ||| READING scroll labelled TUPPI HEAKUIK.
  4378 | D:5      | Entered Level 5 of the Dungeon
  4400 | D:5      | Found a runed translucent gate.
  4400 | D:5      | Found a runed translucent gate.
  4400 | D:5      | Found a runed translucent gate.
  4407 | D:5      | Noticed qw's ghost (novice GrFi)
  4470 | D:5      | Reached XP level 8. HP: 41/48 MP: 8/8
  4517 | D:5      | 4517 ||| Stepping ~*~*~tactically~*~*~ (hiding).
  4533 | D:5      | 4533 ||| Stepping ~*~*~tactically~*~*~ (stealth).
  4678 | D:5      | 4678 ||| FLEEEEING.
  4679 | D:5      | 4679 ||| FLEEEEING.
  4680 | D:5      | 4680 ||| FLEEEEING.
  4681 | D:5      | 4681 ||| FLEEEEING.
  4682 | D:5      | 4682 ||| FLEEEEING.
  4683 | D:5      | 4683 ||| FLEEEEING.
  4684 | D:5      | 4684 ||| FLEEEEING.
  4686 | D:5      | 4686 ||| FLEEEEING.
  4687 | D:5      | 4687 ||| FLEEEEING.
  4688 | D:5      | 4688 ||| FLEEEEING.
  4689 | D:5      | 4689 ||| FLEEEEING.
  4690 | D:5      | 4690 ||| FLEEEEING.
  4691 | D:5      | 4691 ||| FLEEEEING.
  4692 | D:5      | 4692 ||| FLEEEEING.
  4693 | D:5      | 4693 ||| FLEEEEING.
  4698 | D:5      | 4698 ||| FLEEEEING.
  4699 | D:5      | 4699 ||| FLEEEEING.
  4700 | D:5      | 4700 ||| FLEEEEING.
  4701 | D:5      | 4701 ||| FLEEEEING.
  4702 | D:5      | 4702 ||| STAIRDANCE
  4803 | D:5      | Found a staircase to the Ecumenical Temple.
  4804 | D:5      | 4804 ||| PLANNING TEMPLE
  4812 | Temple   | Entered the Ecumenical Temple
  4850 | Temple   | 4850 ||| PLANNING D:1-11
  4912 | D:5      | Found a shimmering blue altar of Sif Muna.
  5151 | D:5      | 5151 ||| Stepping ~*~*~tactically~*~*~ (stealth).
  5156 | D:5      | HP: 9/49 [ogre/+0 giant club (16)]
  5157 | D:5      | 5157 ||| DRINKING potion of heal wounds.
  5159 | D:5      | Reached skill level 8 in Axes
  5212 | D:5      | 5212 ||| Stepping ~*~*~tactically~*~*~ (stealth).
  5450 | D:5      | 5450 ||| Stepping ~*~*~tactically~*~*~ (hiding).
  5589 | D:5      | 5589 ||| UPGRADING to +0 pair of gloves.
  5594 | D:5      | 5594 ||| DRINKING 2 amethyst potions.
  5595 | D:5      | 5595 ||| READING 2 scrolls of identify.
  5595 | D:5      | 5595 ||| IDENTIFYING fuming emerald potion
  5596 | D:5      | 5596 ||| DROPPING potion of degeneration.
  5743 | D:6      | Reached skill level 6 in Fighting
  5771 | D:6      | Noticed a +0 dagger
  5771 | D:6      | Noticed a +0 hand axe
  5863 | D:6      | Found a hide-covered altar of Uskayaw.
  5866 | D:6      | 5866 ||| READING scroll of teleportation.
  5868 | D:6      | 5868 ||| FLEEEEING.
  5869 | D:6      | 5869 ||| FLEEEEING.
  5881 | D:6      | Found an ornate altar of the Wu Jian Council.
  6003 | D:6      | Found a snail-covered altar of Cheibriados.
  6005 | D:6      | Found a white marble altar of Elyvilon.
  6005 | D:6      | Found a shimmering altar of Xom.
  6007 | D:6      | Found a burning altar of Makhleb.
  6007 | D:6      | Found a basalt altar of Yredelemnul.
  6007 | D:6      | Found a shimmering altar of Xom.
  6067 | D:6      | Found a blossoming altar of Fedhas.
  6085 | D:6      | Found a bloodstained altar of Trog.
  6484 | D:6      | 6484 ||| UPGRADING to +0 plate armour.
  6494 | D:6      | 6494 ||| DROPPING +0 chain mail.
  6495 | D:6      | 6495 ||| DROPPING amulet of the acrobat.
  6496 | D:6      | 6496 ||| READING scroll labelled RIXAGI NUEGRIF.
  6497 | D:6      | 6497 ||| DRINKING 3 pink potions.
  6602 | D:6      | 6602 ||| DROPPING 2 potions of berserk rage.
  6666 | D:7      | Noticed Joseph
  6680 | D:7      | HP: 6/51 [Joseph/sling bullet (12)]
  6681 | D:7      | 6681 ||| READING scroll of teleportation.
  6684 | D:7      | You fall into a shaft and drop 3 floors!
  6684 | D:10     | Entered Level 10 of the Dungeon
  6989 | D:9      | 6989 ||| FLEEEEING.
  6989 | D:9      | Found an iron altar of Okawaru.
  6990 | D:9      | 6990 ||| PLANNING OKAWARU WORSHIP
  6990 | D:9      | 6990 ||| STAIRDANCE
  6994 | D:9      | 6994 ||| STAIRDANCE
  7019 | D:9      | 7019 ||| STAIRDANCE
  7035 | D:8      | Reached XP level 9. HP: 44/55 MP: 9/9
  7094 | D:9      | 7094 ||| STAIRDANCE
  7171 | D:9      | 7171 ||| STAIRDANCE
  7181 | D:9      | 7181 ||| STAIRDANCE
  7191 | D:9      | Reached skill level 9 in Axes
  7191 | D:9      | 7191 ||| Stepping ~*~*~tactically~*~*~ (stealth).
  7201 | D:9      | Became a worshipper of Warmaster Okawaru
  7202 | D:9      | 7202 ||| PLANNING D:1-11
  7263 | D:7      | 7263 ||| DRINKING 2 potions of curing.
  7263 | D:7      | 7263 ||| (to cure confusion)
  7309 | D:7      | HP: 9/55 [Joseph/+0 quarterstaff (10)]
  7311 | D:7      | Killed Joseph
  7311 | D:7      | Reached * piety under Okawaru
  7710 | D:7      | Reached skill level 1 in Invocations
  7735 | D:7      | Found a broken altar of Ashenzari.
  7786 | D:7      | 7786 ||| Stepping ~*~*~tactically~*~*~ (water).
  8089 | D:7      | 8089 ||| UPGRADING to ring of see invisible.
  8090 | D:7      | 8090 ||| READING 3 scrolls labelled SECVUOL BOEJUUT.
  8091 | D:7      | 8091 ||| DROPPING 2 scrolls of fear.
  8297 | D:8      | 8297 ||| Stepping ~*~*~tactically~*~*~ (hiding).
  8298 | D:8      | 8298 ||| Stepping ~*~*~tactically~*~*~ (hiding).
  8318 | D:8      | 8318 ||| Stepping ~*~*~tactically~*~*~ (stealth).
  8322 | D:8      | 8322 ||| Stepping ~*~*~tactically~*~*~ (hiding).
  8325 | D:8      | 8325 ||| INVOKING Heroism.
  8397 | D:8      | Reached skill level 3 in Invocations
  8424 | D:8      | Noticed a hornet
  8426 | D:8      | 8426 ||| INVOKING Heroism.
  8444 | D:8      | Killed a hornet
  8448 | D:8      | 8448 ||| INVOKING Heroism.
  8450 | D:8      | Reached ** piety under Okawaru
  8451 | D:8      | Reached XP level 10. HP: 55/63 MP: 9/13
  8580 | D:8      | 8580 ||| Stepping ~*~*~tactically~*~*~ (stealth).
  8590 | D:8      | 8590 ||| Stepping ~*~*~tactically~*~*~ (stealth).
  8591 | D:8      | 8591 ||| Stepping ~*~*~tactically~*~*~ (stealth).
  8598 | D:8      | 8598 ||| Stepping ~*~*~tactically~*~*~ (stealth).
  8608 | D:8      | Found an ancient bone altar of Kikubaaqudgha.
  8612 | D:8      | 8612 ||| Stepping ~*~*~tactically~*~*~ (stealth).
  8613 | D:8      | 8613 ||| Stepping ~*~*~tactically~*~*~ (stealth).
  8615 | D:8      | 8615 ||| Stepping ~*~*~tactically~*~*~ (stealth).
  8616 | D:8      | 8616 ||| Stepping ~*~*~tactically~*~*~ (stealth).
  8665 | D:8      | Reached skill level 10 in Axes
  8746 | D:8      | 8746 ||| Stepping ~*~*~tactically~*~*~ (stealth).
  8751 | D:8      | 8751 ||| Stepping ~*~*~tactically~*~*~ (stealth).
  8756 | D:8      | 8756 ||| Stepping ~*~*~tactically~*~*~ (stealth).
  8758 | D:8      | 8758 ||| Stepping ~*~*~tactically~*~*~ (stealth).
  8887 | D:8      | 8887 ||| INVOKING Heroism.
  8973 | D:8      | Found a large runed translucent door.
  8973 | D:8      | Found a large runed translucent door.
  8978 | D:8      | Noticed qw's ghost (novice GrFi)
  9063 | D:8      | Found a burning altar of Makhleb.
  9203 | D:8      | 9203 ||| Stepping ~*~*~tactically~*~*~ (stealth).
  9363 | D:8      | 9363 ||| READING scroll labelled TUNWIS RALITT.
  9364 | D:8      | 9364 ||| READING scroll labelled MYMECW AWNEMAXT.
  9365 | D:8      | 9365 ||| DRINKING 2 brown potions.
  9366 | D:8      | 9366 ||| DRINKING 3 lumpy white potions.
  9367 | D:8      | 9367 ||| DROPPING potion of invisibility.
  9401 | D:9      | 9401 ||| INVOKING Heroism.
  9402 | D:9      | 9402 ||| STAIRDANCE
  9476 | D:9      | 9476 ||| STAIRDANCE
  9478 | D:8      | 9478 ||| INVOKING Heroism.
  9579 | D:9      | 9579 ||| STAIRDANCE
  9643 | D:9      | 9643 ||| STAIRDANCE
  9725 | D:9      | 9725 ||| STAIRDANCE
  9813 | D:9      | 9813 ||| STAIRDANCE
  9889 | D:9      | 9889 ||| STAIRDANCE
  9968 | D:9      | 9968 ||| INVOKING Heroism.
 10047 | D:9      | 10047 ||| Stepping ~*~*~tactically~*~*~ (stealth).
 10066 | D:9      | 10066 ||| Stepping ~*~*~tactically~*~*~ (stealth).
 10085 | D:9      | 10085 ||| DRINKING 4 potions of curing.
 10085 | D:9      | 10085 ||| (to cure confusion)
 10092 | D:9      | 10092 ||| DRINKING 3 potions of curing.
 10092 | D:9      | 10092 ||| (to cure confusion)
 10113 | D:9      | 10113 ||| INVOKING Heroism.
 10222 | D:9      | 10222 ||| INVOKING Heroism.
 10230 | D:9      | 10230 ||| Stepping ~*~*~tactically~*~*~ (cloud).
 10420 | D:9      | 10420 ||| READING scroll labelled YZYECO QEBBEUMALL.
 10420 | D:9      | Identified a scroll of acquirement
 10420 | D:9      | 10420 ||| ACQUIRING +5 pair of gloves "Ytomiyp" {Contam
                  | rElec rF++ Str+4}
 10420 | D:9      | Acquired the +5 pair of gloves "Ytomiyp" {Contam rElec rF++
                  | Str+4}
 10422 | D:9      | 10422 ||| UPGRADING to +5 pair of gloves "Ytomiyp" {Contam
                  | rElec rF++ Str+4}.
 10432 | D:9      | 10432 ||| DROPPING +0 pair of gloves.
 10433 | D:9      | 10433 ||| READING 2 scrolls of identify.
 10433 | D:9      | 10433 ||| IDENTIFYING clear potion
 10434 | D:9      | 10434 ||| DROPPING potion of ambrosia.
 10496 | D:10     | 10496 ||| Stepping ~*~*~tactically~*~*~ (hiding).
 10497 | D:10     | 10497 ||| Stepping ~*~*~tactically~*~*~ (stealth).
 10498 | D:10     | 10498 ||| INVOKING Heroism.
 10520 | D:10     | Reached *** piety under Okawaru
 10521 | D:10     | Reached skill level 11 in Axes
 10534 | D:10     | Noticed Erica
 10535 | D:10     | 10535 ||| Stepping ~*~*~tactically~*~*~ (stealth).
 10539 | D:10     | 10539 ||| INVOKING Heroism.
 10547 | D:10     | 10547 ||| DRINKING 2 potions of curing.
 10547 | D:10     | 10547 ||| (to cure confusion)
 10553 | D:10     | Killed Erica
 10554 | D:10     | Reached skill level 9 in Fighting
 10555 | D:10     | 10555 ||| INVOKING Heroism.
 10562 | D:10     | Reached XP level 11. HP: 39/71 MP: 11/14
 10725 | D:10     | Found a staircase to the Lair.
 10784 | D:10     | 10784 ||| Stepping ~*~*~tactically~*~*~ (stealth).
 10786 | D:10     | 10786 ||| Stepping ~*~*~tactically~*~*~ (hiding).
 10791 | D:10     | 10791 ||| INVOKING Heroism.
 10814 | D:10     | Found a snail-covered altar of Cheibriados.
 10840 | D:10     | 10840 ||| Stepping ~*~*~tactically~*~*~ (hiding).
 10844 | D:10     | Reached **** piety under Okawaru
 11080 | D:10     | 11080 ||| Stepping ~*~*~tactically~*~*~ (stealth).
 11083 | D:10     | 11083 ||| Stepping ~*~*~tactically~*~*~ (stealth).
 11089 | D:10     | 11089 ||| Stepping ~*~*~tactically~*~*~ (stealth).
 11196 | D:10     | Found a transporter.
 11252 | D:10     | Found a transporter.
 11268 | D:10     | Found a transporter.
 11283 | D:10     | 11283 ||| Stepping ~*~*~tactically~*~*~ (stealth).
 11289 | D:10     | 11289 ||| INVOKING Heroism.
 11329 | D:10     | Found a transporter.
 11391 | D:10     | 11391 ||| Stepping ~*~*~tactically~*~*~ (hiding).
 11395 | D:10     | 11395 ||| DRINKING potion of curing.
 11395 | D:10     | 11395 ||| (to cure confusion)
 11396 | D:10     | 11396 ||| INVOKING Heroism.
 11405 | D:10     | 11405 ||| Stepping ~*~*~tactically~*~*~ (stealth).
 11415 | D:10     | 11415 ||| Stepping ~*~*~tactically~*~*~ (stealth).
 11464 | D:10     | Noticed a two-headed ogre
 11465 | D:10     | 11465 ||| INVOKING Heroism.
 11473 | D:10     | 11473 ||| Stepping ~*~*~tactically~*~*~ (stealth).
 11476 | D:10     | Killed a two-headed ogre
 11477 | D:10     | Reached skill level 6 in Invocations
 11479 | D:10     | 11479 ||| Stepping ~*~*~tactically~*~*~ (stealth).
 11481 | D:10     | 11481 ||| Stepping ~*~*~tactically~*~*~ (stealth).
 11497 | D:10     | 11497 ||| Stepping ~*~*~tactically~*~*~ (hiding).
 11500 | D:10     | 11500 ||| Stepping ~*~*~tactically~*~*~ (hiding).
 11561 | D:10     | Noticed a two-headed ogre
 11562 | D:10     | 11562 ||| INVOKING Heroism.
 11570 | D:10     | Killed a two-headed ogre
 11735 | D:10     | 11735 ||| PLANNING LAIR
 11735 | D:10     | 11735 ||| DRINKING 2 lumpy red potions.
 11736 | D:10     | 11736 ||| DROPPING potion of brilliance.
 11764 | Lair:1   | Entered Level 1 of the Lair of Beasts
 11858 | Lair:1   | 11858 ||| INVOKING Heroism.
 11985 | Lair:1   | 11985 ||| INVOKING Heroism.
 11998 | Lair:1   | Reached skill level 12 in Axes
 12034 | Lair:1   | 12034 ||| Stepping ~*~*~tactically~*~*~ (stealth).
 12037 | Lair:1   | 12037 ||| Stepping ~*~*~tactically~*~*~ (hiding).
 12040 | Lair:1   | 12040 ||| INVOKING Heroism.
 12079 | Lair:1   | 12079 ||| INVOKING Heroism.
 12245 | Lair:1   | 12245 ||| READING scroll of enchant weapon.
 12245 | Lair:1   | 12245 ||| ENCHANTING +1 war axe.
 12280 | Lair:1   | Reached ***** piety under Okawaru
 12617 | Lair:1   | Reached XP level 12. HP: 76/76 MP: 18/18
 12665 | Lair:1   | 12665 ||| UPGRADING to +2 cloak.
 12670 | Lair:1   | 12670 ||| DROPPING ring of willpower.
 12685 | Lair:2   | 12685 ||| SWAPPING to +0 broad axe.
 12686 | Lair:2   | 12686 ||| DROPPING +2 war axe.
 12716 | Lair:2   | 12716 ||| INVOKING Heroism.
 12726 | Lair:2   | Noticed Maggie
 12738 | Lair:2   | Reached skill level 9 in Invocations
 12746 | Lair:2   | Reached skill level 9 in Armour
 12746 | Lair:2   | 12746 ||| INVOKING Heroism.
 12756 | Lair:2   | Killed Maggie
 12757 | Lair:2   | Reached skill level 6 in Shields
 12898 | Lair:2   | 12898 ||| SWAPPING to +0 broad axe of draining.
 12899 | Lair:2   | 12899 ||| DROPPING +0 broad axe.
 12972 | Lair:2   | Noticed Gastronok
 12973 | Lair:2   | 12973 ||| INVOKING Heroism.
 12986 | Lair:2   | Killed Gastronok
 12986 | Lair:2   | Identified the +2 robe "Qouf" {rC- Regen+ Str+6} (Okawaru
                  | gifted it to you on level 2 of the Lair of Beasts)
 12986 | Lair:2   | Received a gift from Okawaru
 13045 | Lair:2   | Found a staircase to the Shoals.
 13046 | Lair:2   | 13046 ||| Stepping ~*~*~tactically~*~*~ (hiding).
 13049 | Lair:2   | 13049 ||| INVOKING Heroism.
 13068 | Lair:2   | HP: 17/77 [merfolk/+0 trident (10)]
 13069 | Lair:2   | 13069 ||| READING 2 scrolls of teleportation.
 13069 | Lair:2   | HP: 6/77 [merfolk/+0 trident (12)]
 13070 | Lair:2   | 13070 ||| DRINKING potion of heal wounds.
 13417 | Lair:2   | Noticed Harold
 13418 | Lair:2   | 13418 ||| Stepping ~*~*~tactically~*~*~ (stealth).
 13420 | Lair:2   | 13420 ||| Stepping ~*~*~tactically~*~*~ (hiding).
 13425 | Lair:2   | 13425 ||| INVOKING Heroism.
 13432 | Lair:2   | Killed Harold
 13450 | Lair:2   | 13450 ||| READING scroll of enchant weapon.
 13450 | Lair:2   | 13450 ||| ENCHANTING +0 broad axe of draining.
 13675 | Lair:2   | 13675 ||| INVOKING Heroism.
 13870 | Lair:2   | 13870 ||| Stepping ~*~*~tactically~*~*~ (hiding).
 14018 | Lair:2   | 14018 ||| UPGRADING to +1 hat.
 14090 | Lair:3   | 14090 ||| Stepping ~*~*~tactically~*~*~ (stealth).
 14098 | Lair:3   | 14098 ||| INVOKING Heroism.
 14113 | Lair:3   | Reached skill level 13 in Axes
 14224 | Lair:3   | Noticed a boulder beetle
 14225 | Lair:3   | 14225 ||| INVOKING Heroism.
 14226 | Lair:3   | 14226 ||| INVOKING Finesse.
 14245 | Lair:3   | Killed a boulder beetle
 14397 | Lair:3   | 14397 ||| Stepping ~*~*~tactically~*~*~ (stealth).
 14398 | Lair:3   | 14398 ||| Stepping ~*~*~tactically~*~*~ (stealth).
 14404 | Lair:3   | 14404 ||| Stepping ~*~*~tactically~*~*~ (stealth).
 14406 | Lair:3   | 14406 ||| Stepping ~*~*~tactically~*~*~ (stealth).
 14414 | Lair:3   | 14414 ||| Stepping ~*~*~tactically~*~*~ (stealth).
 14418 | Lair:3   | 14418 ||| INVOKING Heroism.
 14435 | Lair:3   | Reached XP level 13. HP: 80/82 MP: 20/20
 14456 | Lair:3   | 14456 ||| Stepping ~*~*~tactically~*~*~ (stealth).
 14459 | Lair:3   | 14459 ||| INVOKING Heroism.
 14536 | Lair:3   | 14536 ||| Stepping ~*~*~tactically~*~*~ (stealth).
 14545 | Lair:3   | 14545 ||| Stepping ~*~*~tactically~*~*~ (hiding).
 14650 | Lair:3   | Found a staircase to the Snake Pit.
 14790 | Lair:3   | 14790 ||| Stepping ~*~*~tactically~*~*~ (stealth).
 14792 | Lair:3   | 14792 ||| INVOKING Heroism.
 14827 | Lair:3   | 14827 ||| Stepping ~*~*~tactically~*~*~ (stealth).
 14829 | Lair:3   | 14829 ||| Stepping ~*~*~tactically~*~*~ (stealth).
 14835 | Lair:3   | 14835 ||| INVOKING Heroism.
 14836 | Lair:3   | 14836 ||| Stepping ~*~*~tactically~*~*~ (stealth).
 14917 | Lair:3   | 14917 ||| INVOKING Heroism.
 14930 | Lair:3   | Reached skill level 1 in Throwing
 15139 | Lair:4   | 15139 ||| Stepping ~*~*~tactically~*~*~ (stealth).
 15149 | Lair:4   | 15149 ||| INVOKING Heroism.
 15204 | Lair:4   | 15204 ||| INVOKING Heroism.
 15272 | Lair:4   | Reached skill level 14 in Axes
 15417 | Lair:4   | 15417 ||| INVOKING Heroism.
 15493 | Lair:4   | 15493 ||| INVOKING Heroism.
 15514 | Lair:4   | 15514 ||| INVOKING Heroism.
 15517 | Lair:4   | 15517 ||| Stepping ~*~*~tactically~*~*~ (stealth).
 15542 | Lair:4   | Found a transporter.
 15548 | Lair:4   | Found a transporter.
 15549 | Lair:4   | Noticed qw's ghost (journeyman GrFi)
 15743 | Lair:4   | 15743 ||| INVOKING Heroism.
 15901 | Lair:4   | 15901 ||| INVOKING Heroism.
 15902 | Lair:4   | 15902 ||| SWAPPING to +0 flail.
 15903 | Lair:4   | 15903 ||| INVOKING Finesse.
 15912 | Lair:4   | 15912 ||| SWAPPING to +1 broad axe of draining.
 16062 | Lair:4   | 16062 ||| DROPPING amulet of faith.
 16073 | Lair:5   | Entered Level 5 of the Lair of Beasts
 16074 | Lair:5   | 16074 ||| INVOKING Heroism.
 16077 | Lair:5   | 16077 ||| INVOKING Finesse.
 16079 | Lair:5   | 16079 ||| STAIRDANCE
 16120 | Lair:5   | 16120 ||| INVOKING Heroism.
 16121 | Lair:5   | 16121 ||| SWAPPING to +0 flail.
 16122 | Lair:5   | 16122 ||| Stepping ~*~*~tactically~*~*~ (outnumbered).
 16123 | Lair:5   | 16123 ||| Stepping ~*~*~tactically~*~*~ (outnumbered).
 16124 | Lair:5   | 16124 ||| Stepping ~*~*~tactically~*~*~ (outnumbered).
 16125 | Lair:5   | 16125 ||| Stepping ~*~*~tactically~*~*~ (outnumbered).
 16126 | Lair:5   | 16126 ||| Stepping ~*~*~tactically~*~*~ (outnumbered).
 16127 | Lair:5   | 16127 ||| Stepping ~*~*~tactically~*~*~ (outnumbered).
 16128 | Lair:5   | 16128 ||| Stepping ~*~*~tactically~*~*~ (outnumbered).
 16129 | Lair:5   | 16129 ||| Stepping ~*~*~tactically~*~*~ (outnumbered).
 16131 | Lair:5   | 16131 ||| Stepping ~*~*~tactically~*~*~ (outnumbered).
 16132 | Lair:5   | 16132 ||| INVOKING Finesse.
 16133 | Lair:5   | 16133 ||| Stepping ~*~*~tactically~*~*~ (outnumbered).
 16137 | Lair:5   | 16137 ||| Stepping ~*~*~tactically~*~*~ (outnumbered).
 16138 | Lair:5   | 16138 ||| Stepping ~*~*~tactically~*~*~ (outnumbered).
 16139 | Lair:5   | 16139 ||| Stepping ~*~*~tactically~*~*~ (outnumbered).
 16145 | Lair:5   | 16145 ||| SWAPPING to +1 broad axe of draining.
 16170 | Lair:5   | 16170 ||| Stepping ~*~*~tactically~*~*~ (stealth).
 16171 | Lair:5   | 16171 ||| Stepping ~*~*~tactically~*~*~ (stealth).
 16172 | Lair:5   | 16172 ||| Stepping ~*~*~tactically~*~*~ (stealth).
 16173 | Lair:5   | 16173 ||| Stepping ~*~*~tactically~*~*~ (stealth).
 16180 | Lair:5   | 16180 ||| INVOKING Heroism.
 16467 | Lair:5   | Found a viscous altar of Jiyva.
 16467 | Lair:5   | Found a staircase to the Slime Pits.
 16689 | Lair:5   | 16689 ||| INVOKING Heroism.
 16854 | Lair:5   | 16854 ||| Stepping ~*~*~tactically~*~*~ (hiding).
 16857 | Lair:5   | 16857 ||| INVOKING Heroism.
 16858 | Lair:5   | 16858 ||| INVOKING Finesse.
 16867 | Lair:5   | Received a gift from Okawaru
 16879 | Lair:5   | Reached skill level 15 in Axes
 16901 | Lair:5   | Gained mutation: Your large and strong wings let you fly.
                  | [Gargoyle growth]
 16901 | Lair:5   | Reached XP level 14. HP: 50/90 MP: 16/21
 17043 | Lair:5   | 17043 ||| Stepping ~*~*~tactically~*~*~ (stealth).
 17060 | Lair:5   | 17060 ||| DROPPING +3 vorpal war axe.
 17070 | Lair:5   | 17070 ||| Stepping ~*~*~tactically~*~*~ (hiding).
 17075 | Lair:5   | 17075 ||| INVOKING Heroism.
 17076 | Lair:5   | 17076 ||| INVOKING Finesse.
 17137 | Lair:5   | 17137 ||| DROPPING +0 flail.
 17162 | Lair:5   | 17162 ||| Stepping ~*~*~tactically~*~*~ (stealth).
 17205 | Lair:5   | 17205 ||| INVOKING Heroism.
 17206 | Lair:5   | 17206 ||| INVOKING Finesse.
 17207 | Lair:5   | 17207 ||| SWAPPING to +5 flail of protection.
 17218 | Lair:5   | 17218 ||| SWAPPING to +1 broad axe of draining.
 17261 | Lair:5   | 17261 ||| Stepping ~*~*~tactically~*~*~ (stealth).
 17263 | Lair:5   | 17263 ||| Stepping ~*~*~tactically~*~*~ (stealth).
 17266 | Lair:5   | 17266 ||| Stepping ~*~*~tactically~*~*~ (stealth).
 17273 | Lair:5   | 17273 ||| Stepping ~*~*~tactically~*~*~ (stealth).
 17450 | Lair:5   | Identified the +8 battleaxe of Ointment {drain, rElec Will-
                  | Dex+6} (Okawaru gifted it to you on level 5 of the Lair of
                  | Beasts)
 17450 | Lair:5   | Received a gift from Okawaru
 17589 | Lair:5   | 17589 ||| PLANNING D:1-11
 17589 | Lair:5   | 17589 ||| READING scroll labelled PALOGR UGICU.
 17745 | D:11     | 17745 ||| Stepping ~*~*~tactically~*~*~ (stealth).
 17765 | D:11     | Found a staircase to the Orcish Mines.
 17766 | D:11     | 17766 ||| INVOKING Heroism.
 17820 | D:11     | 17820 ||| Stepping ~*~*~tactically~*~*~ (stealth).
 17854 | D:11     | Reached skill level 12 in Fighting
 17870 | D:11     | 17870 ||| INVOKING Heroism.
 17955 | D:11     | Identified the +0 pair of boots "Earthly Heaven" {rF- rC+
                  | rN++ Dex+4}
 18020 | D:11     | 18020 ||| Stepping ~*~*~tactically~*~*~ (stealth).
 18022 | D:11     | 18022 ||| INVOKING Heroism.
 18075 | D:11     | 18075 ||| INVOKING Heroism.
 18120 | D:11     | Identified the +5 falchion of Vuemp {drain, Fragile rElec
                  | rN+++ Int+4}
 18186 | D:11     | 18186 ||| INVOKING Heroism.
 18252 | D:11     | 18252 ||| Stepping ~*~*~tactically~*~*~ (stealth).
 18257 | D:11     | 18257 ||| Stepping ~*~*~tactically~*~*~ (stealth).
 18259 | D:11     | 18259 ||| Stepping ~*~*~tactically~*~*~ (stealth).
 18260 | D:11     | 18260 ||| Stepping ~*~*~tactically~*~*~ (stealth).
 18275 | D:11     | 18275 ||| Stepping ~*~*~tactically~*~*~ (stealth).
 18305 | D:11     | 18305 ||| Stepping ~*~*~tactically~*~*~ (stealth).
 18345 | D:11     | 18345 ||| Stepping ~*~*~tactically~*~*~ (stealth).
 18347 | D:11     | 18347 ||| Stepping ~*~*~tactically~*~*~ (stealth).
 18520 | D:11     | 18520 ||| DROPPING +5 flail of protection.
 18663 | D:11     | 18663 ||| Stepping ~*~*~tactically~*~*~ (stealth).
 18665 | D:11     | 18665 ||| Stepping ~*~*~tactically~*~*~ (hiding).
 18668 | D:11     | 18668 ||| Stepping ~*~*~tactically~*~*~ (stealth).
 18671 | D:11     | 18671 ||| INVOKING Heroism.
 18738 | D:11     | 18738 ||| PLANNING D
 18738 | D:11     | 18738 ||| UPGRADING to +0 pair of boots "Earthly Heaven"
                  | {rF- rC+ rN++ Dex+4}.
 18748 | D:11     | 18748 ||| DROPPING +0 pair of boots.
 18749 | D:11     | 18749 ||| READING 9 scrolls of identify.
 18749 | D:11     | 18749 ||| IDENTIFYING fuming inky potion
 18762 | D:12     | 18762 ||| INVOKING Heroism.
 18775 | D:12     | Reached skill level 3 in Dodging
 18929 | D:12     | 18929 ||| FLEEEEING.
 18930 | D:12     | 18930 ||| FLEEEEING.
 18931 | D:12     | 18931 ||| FLEEEEING.
 18932 | D:12     | 18932 ||| FLEEEEING.
 18939 | D:12     | 18939 ||| STAIRDANCE
 19066 | D:12     | Found Vaxkaxza's Armour Emporium.
 19069 | D:12     | 19069 ||| BUYING +0 helmet (58 gold).
 19069 | D:12     | Bought a +0 helmet for 58 gold pieces
 19069 | D:12     | 19069 ||| BUYING +4 scale mail of cold resistance (403
                  | gold).
 19069 | D:12     | Bought a +4 scale mail of cold resistance for 403 gold
                  | pieces
 19802 | D:12     | 19802 ||| UPGRADING to +0 helmet.
 19812 | D:12     | 19812 ||| DROPPING +1 hat.
 19893 | D:13     | 19893 ||| FLEEEEING.
 19894 | D:13     | 19894 ||| FLEEEEING.
 19895 | D:13     | 19895 ||| FLEEEEING.
 19899 | D:13     | 19899 ||| FLEEEEING.
 19900 | D:13     | 19900 ||| FLEEEEING.
 19901 | D:13     | 19901 ||| FLEEEEING.
 19903 | D:13     | 19903 ||| STAIRDANCE
 19944 | D:13     | 19944 ||| Stepping ~*~*~tactically~*~*~ (hiding).
 20227 | D:13     | Received a gift from Okawaru
 20229 | D:13     | 20229 ||| INVOKING Heroism.
 20230 | D:13     | 20230 ||| INVOKING Finesse.
 20242 | D:13     | Reached skill level 16 in Axes
 20299 | D:13     | 20299 ||| Stepping ~*~*~tactically~*~*~ (hiding).
 20442 | D:13     | 20442 ||| INVOKING Heroism.
 20501 | D:13     | Found a transporter.
 20510 | D:13     | Found a transporter.
 20515 | D:13     | Found a bloodstained altar of Trog.
 20588 | D:13     | Noticed Iplucs's ghost (journeyman FeBe)
 20728 | D:13     | 20728 ||| Stepping ~*~*~tactically~*~*~ (hiding).
 20729 | D:13     | 20729 ||| Stepping ~*~*~tactically~*~*~ (hiding).
 20737 | D:13     | 20737 ||| INVOKING Heroism.
 20891 | D:13     | 20891 ||| Stepping ~*~*~tactically~*~*~ (stealth).
 21021 | D:13     | 21021 ||| INVOKING Heroism.
 21024 | D:13     | 21024 ||| READING 2 scrolls of teleportation.
 21029 | D:13     | Received a gift from Okawaru
 21074 | D:13     | Reached skill level 12 in Armour
 21262 | D:14     | 21262 ||| INVOKING Heroism.
 21369 | D:14     | 21369 ||| Stepping ~*~*~tactically~*~*~ (hiding).
 21529 | D:14     | 21529 ||| READING scroll of enchant armour.
 21529 | D:14     | 21529 ||| ENCHANTING +0 helmet.
 21792 | D:14     | 21792 ||| Stepping ~*~*~tactically~*~*~ (hiding).
 21800 | D:14     | Reached XP level 15. HP: 86/96 MP: 22/22
 21800 | D:14     | 21800 ||| FLEEEEING.
 21946 | D:14     | 21946 ||| Stepping ~*~*~tactically~*~*~ (stealth).
 21949 | D:14     | 21949 ||| Stepping ~*~*~tactically~*~*~ (stealth).
 21995 | D:14     | Found a gate to the Vaults.
 22125 | D:14     | 22125 ||| READING scroll labelled UCHOTHRUAQO.
 22238 | D:15     | Entered Level 15 of the Dungeon
 22239 | D:15     | 22239 ||| STAIRDANCE
 22241 | D:14     | 22241 ||| INVOKING Heroism.
 22242 | D:14     | 22242 ||| INVOKING Finesse.
 22284 | D:15     | 22284 ||| STAIRDANCE
 22286 | D:14     | 22286 ||| INVOKING Heroism.
 22287 | D:14     | 22287 ||| INVOKING Finesse.
 22360 | D:15     | 22360 ||| INVOKING Heroism.
 22361 | D:15     | 22361 ||| INVOKING Finesse.
 22364 | D:15     | 22364 ||| STAIRDANCE
 22497 | D:15     | 22497 ||| Stepping ~*~*~tactically~*~*~ (hiding).
 22499 | D:15     | 22499 ||| Stepping ~*~*~tactically~*~*~ (hiding).
 22500 | D:15     | 22500 ||| Stepping ~*~*~tactically~*~*~ (hiding).
 22506 | D:15     | 22506 ||| Stepping ~*~*~tactically~*~*~ (hiding).
 22507 | D:15     | 22507 ||| Stepping ~*~*~tactically~*~*~ (hiding).
 22508 | D:15     | 22508 ||| Stepping ~*~*~tactically~*~*~ (hiding).
 22509 | D:15     | 22509 ||| Stepping ~*~*~tactically~*~*~ (hiding).
 22554 | D:15     | Found a broken altar of Ashenzari.
 22722 | D:15     | 22722 ||| Stepping ~*~*~tactically~*~*~ (hiding).
 22730 | D:15     | 22730 ||| INVOKING Heroism.
 22755 | D:15     | 22755 ||| Stepping ~*~*~tactically~*~*~ (hiding).
 22867 | D:15     | 22867 ||| INVOKING Heroism.
 22872 | D:15     | 22872 ||| Stepping ~*~*~tactically~*~*~ (stealth).
 22883 | D:15     | Reached skill level 17 in Axes
 22924 | D:15     | 22924 ||| Stepping ~*~*~tactically~*~*~ (stealth).
 22925 | D:15     | 22925 ||| Stepping ~*~*~tactically~*~*~ (stealth).
 22950 | D:15     | Found a staircase to the Depths.
 23119 | D:15     | 23119 ||| PLANNING ORC
 23119 | D:15     | 23119 ||| DROPPING amulet of guardian spirit.
 23120 | D:15     | 23120 ||| READING scroll labelled USASTOUTOA.
 23264 | Orc:1    | Entered Level 1 of the Orcish Mines
 23330 | Orc:1    | 23330 ||| INVOKING Heroism.
 23339 | Orc:1    | Noticed Fannar
 23366 | Orc:1    | Killed Fannar
 23448 | Orc:1    | 23448 ||| INVOKING Heroism.
 23455 | Orc:1    | 23455 ||| DRINKING 6 potions of curing.
 23455 | Orc:1    | 23455 ||| (to cure confusion)
 23473 | Orc:1    | 23473 ||| INVOKING Heroism.
 23478 | Orc:1    | 23478 ||| DRINKING 5 potions of curing.
 23478 | Orc:1    | 23478 ||| (to cure confusion)
 23509 | Orc:1    | HP: 21/98 [orc priest/divine providence (13)]
 23510 | Orc:1    | 23510 ||| READING scroll of teleportation.
 23511 | Orc:1    | 23511 ||| DRINKING potion of heal wounds.
 23514 | Orc:1    | HP: 15/98 [orc high priest/divine providence (10)]
 23516 | Orc:1    | Found Utaox's Jewellery Emporium.
 23521 | Orc:1    | 23521 ||| Stepping ~*~*~tactically~*~*~ (hiding).
 23525 | Orc:1    | 23525 ||| INVOKING Heroism.
 23537 | Orc:1    | 23537 ||| INVOKING Heroism.
 23569 | Orc:1    | 23569 ||| Stepping ~*~*~tactically~*~*~ (stealth).
 23578 | Orc:1    | 23578 ||| Stepping ~*~*~tactically~*~*~ (stealth).
 23583 | Orc:1    | 23583 ||| INVOKING Heroism.
 23842 | Orc:1    | 23842 ||| Stepping ~*~*~tactically~*~*~ (stealth).
 23843 | Orc:1    | 23843 ||| Stepping ~*~*~tactically~*~*~ (stealth).
 23844 | Orc:1    | 23844 ||| Stepping ~*~*~tactically~*~*~ (stealth).
 23857 | Orc:1    | Found Heab's Distillery.
 23863 | Orc:1    | 23863 ||| BUYING +4 ring of evasion (396 gold).
 23863 | Orc:1    | Bought a +4 ring of evasion for 396 gold pieces
 23863 | Orc:1    | 23863 ||| BUYING ring of ice (275 gold).
 23863 | Orc:1    | Bought a ring of ice for 275 gold pieces
 23863 | Orc:1    | 23863 ||| BUYING ring of resist corrosion (220 gold).
 23863 | Orc:1    | Bought a ring of resist corrosion for 220 gold pieces
 23863 | Orc:1    | 23863 ||| SHOPLISTING ring of resist corrosion (220 gold,
                  | have 148).
 23866 | Orc:1    | 23866 ||| BUYING potion of cancellation (136 gold).
 23866 | Orc:1    | Bought a potion of cancellation for 136 gold pieces
 23866 | Orc:1    | 23866 ||| SHOPLISTING potion of curing (51 gold, have 12).
 23866 | Orc:1    | 23866 ||| SHOPLISTING potion of heal wounds (85 gold, have
                  | 12).
 23866 | Orc:1    | 23866 ||| SHOPLISTING potion of might (68 gold, have 12).
 23942 | Orc:1    | 23942 ||| INVOKING Heroism.
 24002 | Orc:1    | 24002 ||| DROPPING +6 ring of strength.
 24018 | Orc:2    | Entered Level 2 of the Orcish Mines
 24087 | Orc:2    | 24087 ||| INVOKING Heroism.
 24128 | Orc:2    | Received a gift from Okawaru
 24137 | Orc:2    | HP: 9/98 [orc warrior/+0 glaive (22)]
 24141 | Orc:2    | HP: 1/98 [orc knight/+0 bardiche (9)]
 24144 | Orc:2    | Slain by an orc warrior

Levels and vault maps discovered:
D:1:      nzn_arrival_settlement, layout_rooms, serial_rivers,
          chequers_serial_rivers_marsh, chequers_serial_rivers_micro_d,
          chequers_serial_rivers_micro_e, chequers_serial_rivers_room_b,
          minmay_misc_feat_pillars
D:2:      layout_loops_ring, ebering_ecumenical_altar_petrified, basic_altar,
          minmay_fractal_squares_5
D:3:      minmay_evil_eye, layout_basic, zin_angel,
          mainiacjoe_overflow_boulevard, grunt_ministairs_10
D:4:      gammafunk_cloud_chamber, layout_basic, overflow_temple_1_default,
          kennysheep_minor_cross, uniq_pikel
D:5:      layout_gridville, mainiacjoe_overflow_small_starburst,
          minmay_temple_entry_statues_fountains, gammafunk_ghost_necromancy
D:6:      layout_loops_ring, doesnt_xom_only_xom, trog_hazing_becter,
          dancing_weapons_uskayaw, fedhas_altar_3,
          pdpol_wu_jian_five_deadly_venoms
D:7:      layout_cave_pools, mainiacjoe_overflow_24_doors,
          mrwooster_statue_mirror, uniq_joseph
D:8:      layout_basic, minitemple, ebering_ghost_disaster_area, enter_bailey_4,
          kennysheep_generic_room_16
D:9:      layout_rooms, okawaru_metal_pillars_1_2, minivault_4,
          chequers_hall_statues_y
D:10:     layout_basic, lemuel_crystal_altar, erik_lair_orcish_takeover,
          palyth_stone_intersect, nicolae_transporter_intersection, uniq_erica
D:11:     layout_basic, zombieorc1_lemuel, chequers_big_river
D:12:     layout_small_grid, serial_shops, kennysheep_mini
D:13:     layout_irregular_city, gammafunk_ghost_wrathful_warriors
D:14:     layout_irregular_city, david_vaults_1, minmay_misc_feat_more_columns
D:15:     gammafunk_enter_depths_forms, layout_cave_pools, ashenzari_altar_1
Temple:   nicolae_temple_ecumenical_triangle
Lair:1:   layout_gridlike, grunt_megastairs_4
Lair:2:   layout_cellular_growth, elwin_shoals_entry_stream, uniq_gastronok,
          uniq_maggie, uniq_harold
Lair:3:   layout_roguey [special_room_bee], minmay_snake_entry_spellcaster
Lair:4:   layout_gridlike, gammafunk_ghost_hive, evilmike_ambush
          [evilmike_ambush_outer_doors, evilmike_ambush_inner_basic]
Lair:5:   grunt_lair_end_beastmaster, layout_regular_city,
          dpeg_slime_entry_enclosed
Orc:1:    layout_caves, guppyfry_orc_lava_fort, uniq_fannar
Orc:2:    st_orc_town, layout_caves, serial_shops, shop

Skill      XL: |  1  2  3  4  5  6  7  8  9 10 11 12 13 14 15 |
---------------+----------------------------------------------+-----
Axes           | 2 3 4 5 7 8 9 11 12 13 15 16 17 | 17.0
Fighting       | 4 6 7 9 10 11 12 13 | 13.0
Dodging        | 1 2 4 |  4.1
Armour         | 5 7 8 10 12 | 12.5
Shields        | 4 5 6 7 8 |  8.0
Invocations    | 4 8 10 | 10.0
Throwing       | 2 |  2.1

Action                   |  1- 3 |  4- 6 |  7- 9 | 10-12 | 13-15 || total
-------------------------+-------+-------+-------+-------+-------++-------
Melee: War axe           |   109 |    97 |   323 |   452 |       ||   981
       Broad axe         |       |       |       |   179 |  1048 ||  1227
       Flail             |       |       |       |       |    25 ||    25
Throw: Boomerang         |       |       |       |       |    79 ||    79
Invok: Heroism           |       |       |     3 |    27 |    43 ||    73
       Finesse           |       |       |       |     1 |    10 ||    11
  Use: Scroll            |     8 |     3 |     6 |     7 |     7 ||    31
       Potion            |     1 |     4 |     4 |     8 |     3 ||    20
Armor: Scale mail        |    31 |       |       |       |       ||    31
       Chain mail        |    30 |    64 |    40 |       |       ||   134
       Plate armour      |       |       |    97 |   281 |   449 ||   827
Dodge: Dodged            |    79 |    75 |   117 |   269 |   438 ||   978
Block: Buckler           |    33 |    23 |   128 |   290 |   498 ||   972
       Reflection        |       |       |     8 |     8 |    31 ||    47

Table legend:
 A = Non-vault XP
 B = Vault XP
 C = Vault XP percentage of total XP
 D = Non-vault monster count
 E = Vault monster count
 F = Vault count percentage of total count
                 A         B        C        D         E       F
            +---------+---------+-------+---------+---------+-------
      Total |   78354 |   31933 |  29.0 |     438 |     166 |  27.5
            +---------+---------+-------+---------+---------+-------
        D:1 |      19 |       2 |   9.5 |      13 |       1 |   7.1
        D:2 |      28 |       7 |  20.0 |      10 |       4 |  28.6
        D:3 |     107 |     112 |  51.1 |      21 |       5 |  19.2
        D:4 |     232 |     607 |  72.3 |      12 |       1 |   7.7
        D:5 |     648 |       0 |   0.0 |      19 |       0 |   0.0
        D:6 |     369 |      12 |   3.1 |       6 |       6 |  50.0
        D:7 |     798 |     445 |  35.8 |      13 |       1 |   7.1
        D:8 |    2772 |     276 |   9.1 |      45 |       7 |  13.5
        D:9 |    1201 |       0 |   0.0 |      14 |       0 |   0.0
       D:10 |    5101 |    1443 |  22.1 |      34 |       9 |  20.9
       D:11 |    3883 |     711 |  15.5 |      32 |      28 |  46.7
       D:12 |    5728 |       0 |   0.0 |      14 |       0 |   0.0
       D:13 |   10019 |       0 |   0.0 |      32 |       0 |   0.0
       D:14 |    6613 |    1337 |  16.8 |      18 |       3 |  14.3
       D:15 |    4858 |    4896 |  50.2 |      12 |       9 |  42.9
     Lair:1 |    4210 |       0 |   0.0 |      14 |       0 |   0.0
     Lair:2 |    4663 |    4405 |  48.6 |      14 |       7 |  33.3
     Lair:3 |    7164 |    2159 |  23.2 |      23 |      25 |  52.1
     Lair:4 |    5875 |     601 |   9.3 |      26 |       3 |  10.3
     Lair:5 |    9970 |    7488 |  42.9 |      26 |      17 |  39.5
      Orc:1 |    4096 |    5366 |  56.7 |      40 |      21 |  34.4
      Orc:2 |       0 |    2066 | 100.0 |       0 |      19 | 100.0
            +---------+---------+-------+---------+---------+-------
